3L
OAKLAND OAKS @ SEATTLE AVIATORS
08/29/2030
 
TOP OF THE 1ST
Oakland Oaks batting - Pitching for Seattle Aviators : RHP Ron Stone
Pitching: RHP Ron Stone
Batting: SHB Luis Luquín 0-0: Swinging Strike
0-1: Ball
1-1: Ground out U3 (Groundball, 3)
Batting: LHB Todd Henry 0-0: Called Strike
0-1: Ball
1-1: SINGLE (Line Drive, 4D)
Batting: RHB Raúl Chávez 0-0: Foul Ball, location: 2F
0-1: Swinging Strike
0-2: Ball
1-2: Ball
2-2: Fly out, F7 (Flyball, 7S)
Batting: RHB Joseph Papasogli 0-0: Fielders Choice at 2nd, 5-4 (Groundball, 56)
Top of the 1st over - 0 runs, 1 hit, 0 errors, 1 left on base; Oakland 0 - Seattle 0
BOTTOM OF THE 1ST
Seattle Aviators batting - Pitching for Oakland Oaks : RHP Panda Montana
Pitching: RHP Panda Montana
Batting: SHB Juan Torres 0-0: Ball
1-0: Swinging Strike
1-1: Foul Ball, location: 2F
1-2: Foul Ball, location: 2F
1-2: Ball
2-2: Hit by Pitch
Batting: LHB Pedro Corona 0-0: Ball
1-0: Called Strike
1-1: Foul Ball, location: 2F
1-2: Ball
Juan Torres steals 2nd base
2-2: Ball
3-2: Strikes out swinging
Batting: LHB Kenny Webster 0-0: Called Strike
0-1: Called Strike
0-2: Ball
1-2: Strikes out swinging
Batting: LHB Jorge Mojica 0-0: Swinging Strike
0-1: Foul Ball, location: 2F
0-2: Ground out 4-3 (Groundball, 4)
Bottom of the 1st over - 0 runs, 0 hits, 0 errors, 1 left on base; Oakland 0 - Seattle 0
TOP OF THE 2ND
Oakland Oaks batting - Pitching for Seattle Aviators : RHP Ron Stone
Batting: LHB David Holbrook 0-0: Called Strike
0-1: Ball
1-1: Foul Ball, location: 2F
1-2: Ball
2-2: Fly out, F8 (Flyball, 8LM)
Batting: RHB Armando Rodríguez 0-0: Fly out, F8 (Flyball, 8RS)
Batting: LHB Todd Williams 0-0: Ball
1-0: DOUBLE (Line Drive, 9LM)
Batting: LHB Edwin Church 0-0: Foul Ball, location: 2F
0-1: Swinging Strike
0-2: Foul Ball, location: 2F
0-2: Strikes out looking
Top of the 2nd over - 0 runs, 1 hit, 0 errors, 1 left on base; Oakland 0 - Seattle 0
BOTTOM OF THE 2ND
Seattle Aviators batting - Pitching for Oakland Oaks : RHP Panda Montana
Batting: LHB Dong-jin Kim 0-0: Foul Ball, location: 2F
0-1: Fly out, F8 (Line Drive, 89D)
Batting: RHB Seon-keun Kim 0-0: Called Strike
0-1: Ground out 5-3 (Groundball, 56S)
Batting: RHB Jay Parker 0-0: Ball
1-0: Ball
2-0: Ball
3-0: Called Strike
3-1: Ground out 6-3 (Groundball, 6M)
Bottom of the 2nd over - 0 runs, 0 hits, 0 errors, 0 left on base; Oakland 0 - Seattle 0
TOP OF THE 3RD
Oakland Oaks batting - Pitching for Seattle Aviators : RHP Ron Stone
Batting: RHB Esteban Vázquez 0-0: Swinging Strike
0-1: Foul Ball, location: 2F
0-2: Hit by Pitch
Batting: SHB Luis Luquín 0-0: SINGLE (Line Drive, 89S)
Esteban Vázquez to second
Batting: LHB Todd Henry 0-0: Called Strike
Esteban Vázquez steals 3rd base
Luis Luquín to second
0-1: Ball
1-1: Intentional Walk
Batting: RHB Raúl Chávez 0-0: Ball
1-0: TRIPLE (Flyball, 89XD)
Esteban Vázquez scores
Luis Luquín scores
Todd Henry scores
Batting: RHB Joseph Papasogli 0-0: Intentional Walk
Batting: LHB David Holbrook 0-0: Ball
1-0: Called Strike
1-1: Called Strike
Joseph Papasogli steals 2nd base
1-2: DOUBLE (Line Drive, 8RD)
Raúl Chávez scores
Joseph Papasogli scores
Batting: RHB Armando Rodríguez 0-0: Ball
1-0: Swinging Strike
1-1: Ball
2-1: Ball
3-1: Called Strike
3-2: Foul Ball, location: 2F
3-2: Fly out, F9 (Line Drive, 9)
Batting: LHB Todd Williams 0-0: Called Strike
0-1: Called Strike
0-2: SINGLE (Line Drive, 4D)
David Holbrook to third
Batting: LHB Edwin Church 0-0: Ball
1-0: DOUBLE (Flyball, 8RXD)
David Holbrook scores
Todd Williams to third
Batting: RHB Esteban Vázquez 0-0: Foul Ball, location: 2F
0-1: Ball
1-1: Ball
2-1: Foul Ball, location: 2F
2-2: Strikes out swinging
Batting: SHB Luis Luquín 0-0: Foul Ball, location: 2F
0-1: Foul Ball, location: 2F
0-2: Ball
1-2: Hit by Pitch
Batting: LHB Todd Henry 0-0: Ball
1-0: Fly out, F9 (Flyball, 9LM)
Top of the 3rd over - 6 runs, 5 hits, 0 errors, 3 left on base; Oakland 6 - Seattle 0
BOTTOM OF THE 3RD
Seattle Aviators batting - Pitching for Oakland Oaks : RHP Panda Montana
Batting: SHB Nuygen Vuong 0-0: Ball
1-0: Foul Ball, location: 2F
1-1: Foul Ball, location: 2F
1-2: Strikes out swinging
Batting: RHB Rubén Marino 0-0: Ball
1-0: Called Strike
1-1: Swinging Strike
1-2: Ball
2-2: Ball
3-2: Foul Ball, location: 2F
3-2: Fly out, F9 (Flyball, 89S)
Batting: SHB Juan Torres 0-0: DOUBLE (Flyball, 9D)
Batting: LHB Pedro Corona 0-0: Ball
1-0: Ball
2-0: Ground out 4-3 (Groundball, 4D)
Bottom of the 3rd over - 0 runs, 1 hit, 0 errors, 1 left on base; Oakland 6 - Seattle 0
TOP OF THE 4TH
Oakland Oaks batting - Pitching for Seattle Aviators : RHP Ron Stone
Batting: RHB Raúl Chávez 0-0: Ball
1-0: Called Strike
1-1: Called Strike
1-2: Foul Ball, location: 2F
1-2: Ground out 4-3 (Groundball, 4M)
Batting: RHB Joseph Papasogli 0-0: Ball
1-0: Swinging Strike
1-1: Ball
2-1: Ball
3-1: Foul Ball, location: 2F
3-2: Fly out, F6 (Flyball, 6MD)
Batting: LHB David Holbrook 0-0: Called Strike
0-1: Swinging Strike
0-2: Ball
1-2: Ground out 1-3 (Groundball, 13S)
Top of the 4th over - 0 runs, 0 hits, 0 errors, 0 left on base; Oakland 6 - Seattle 0
BOTTOM OF THE 4TH
Seattle Aviators batting - Pitching for Oakland Oaks : RHP Panda Montana
Batting: LHB Kenny Webster 0-0: Called Strike
0-1: Ground out 6-3 (Groundball, 56D)
Batting: LHB Jorge Mojica 0-0: Called Strike
0-1: Ball
1-1: Called Strike
1-2: Strikes out swinging
Batting: LHB Dong-jin Kim 0-0: Ball
1-0: Ball
2-0: Foul Ball, location: 2F
2-1: SOLO HOME RUN (Flyball, 9LD), Distance : 337 ft
Batting: RHB Seon-keun Kim 0-0: Called Strike
0-1: Ball
1-1: SINGLE (Flyball, 78S)
Batting: RHB Jay Parker 0-0: Called Strike
0-1: Called Strike
0-2: Fly out, F4 (Flyball, 4MD)
Bottom of the 4th over - 1 run, 2 hits, 0 errors, 1 left on base; Oakland 6 - Seattle 1
TOP OF THE 5TH
Oakland Oaks batting - Pitching for Seattle Aviators : RHP Ron Stone
Batting: RHB Armando Rodríguez 0-0: Ball
1-0: Ground out 5-3 (Groundball, 5S)
Batting: LHB Todd Williams 0-0: Swinging Strike
0-1: Ball
1-1: Foul Ball, location: 2F
1-2: DOUBLE (Flyball, 8LXD)
Batting: LHB Edwin Church 0-0: Intentional Walk
Batting: RHB Esteban Vázquez 0-0: Called Strike
0-1: Ball
1-1: Foul Ball, location: 2F
1-2: Ball
2-2: Strikes out swinging
Batting: SHB Luis Luquín 0-0: Called Strike
0-1: Fly out, F9 (Flyball, 9S)
Top of the 5th over - 0 runs, 1 hit, 0 errors, 2 left on base; Oakland 6 - Seattle 1
BOTTOM OF THE 5TH
Seattle Aviators batting - Pitching for Oakland Oaks : RHP Panda Montana
Batting: SHB Nuygen Vuong 0-0: Called Strike
0-1: Ball
1-1: Ball
2-1: Swinging Strike
2-2: Ball
3-2: Foul Ball, location: 2F
3-2: Strikes out swinging
Batting: RHB Rubén Marino 0-0: Ground out U3 (Groundball, 34)
Batting: SHB Juan Torres 0-0: Ball
1-0: Foul Ball, location: 2F
1-1: Called Strike
1-2: Strikes out looking
Bottom of the 5th over - 0 runs, 0 hits, 0 errors, 0 left on base; Oakland 6 - Seattle 1
TOP OF THE 6TH
Oakland Oaks batting - Pitching for Seattle Aviators : RHP Ron Stone
Batting: LHB Todd Henry 0-0: Called Strike
0-1: Foul Ball, location: 2F
0-2: Ball
1-2: Ball
2-2: Ball
3-2: Base on Balls
Batting: RHB Raúl Chávez 0-0: Ball
1-0: Called Strike
1-1: Fly out, F9 (Flyball, 89M)
Batting: RHB Joseph Papasogli 0-0: Ball
1-0: Fly out, F6 (Popup, 15S)
Pitching: RHP Claudio Díaz
Batting: LHB David Holbrook 0-0: Called Strike
0-1: Swinging Strike
0-2: Ball
1-2: Ball
2-2: Ball
3-2: Foul Ball, location: 2F
3-2: Foul Ball, location: 2F
3-2: Strikes out swinging
Top of the 6th over - 0 runs, 0 hits, 0 errors, 1 left on base; Oakland 6 - Seattle 1
BOTTOM OF THE 6TH
Seattle Aviators batting - Pitching for Oakland Oaks : RHP Panda Montana
Batting: LHB Pedro Corona 0-0: Fly out, F9 (Flyball, 89D)
Batting: LHB Kenny Webster 0-0: Foul Ball, location: 2F
0-1: Ground out 4-3 (Groundball, 4)
Batting: LHB Jorge Mojica 0-0: SOLO HOME RUN (Flyball, 9D), Distance : 436 ft
Batting: LHB Dong-jin Kim 0-0: Ball
1-0: Ground out 4-3 (Groundball, 4S)
Bottom of the 6th over - 1 run, 1 hit, 0 errors, 0 left on base; Oakland 6 - Seattle 2
TOP OF THE 7TH
Oakland Oaks batting - Pitching for Seattle Aviators : RHP Claudio Díaz
Batting: RHB Armando Rodríguez 0-0: Called Strike
0-1: SINGLE (Flyball, 7LS)
Batting: LHB Todd Williams 0-0: Ball
1-0: Ball
2-0: Ball
3-0: Base on Balls
Armando Rodríguez to second
Batting: LHB Edwin Church 0-0: Ball
1-0: Called Strike
1-1: Fly out, F8 (Flyball, 8RM)
Batting: RHB Esteban Vázquez 0-0: Ball
1-0: Ball
2-0: Ball
3-0: Base on Balls
Armando Rodríguez to third
Todd Williams to second
Batting: SHB Luis Luquín 0-0: Called Strike
0-1: Fly out, F9 (Flyball, 89D)
Runner from 3rd tags up, SCORES, throw made
Batting: LHB Todd Henry 0-0: Called Strike
0-1: Ball
1-1: Foul Ball, location: 2F
1-2: Strikes out swinging
Top of the 7th over - 1 run, 1 hit, 0 errors, 2 left on base; Oakland 7 - Seattle 2
BOTTOM OF THE 7TH
Seattle Aviators batting - Pitching for Oakland Oaks : RHP Panda Montana
Batting: RHB Seon-keun Kim 0-0: Called Strike
0-1: Called Strike
0-2: Strikes out swinging
Batting: RHB Jay Parker 0-0: Swinging Strike
0-1: Ball
1-1: Foul Ball, location: 2F
1-2: Strikes out looking
Batting: SHB Nuygen Vuong 0-0: Foul Ball, location: 2F
0-1: Called Strike
0-2: Strikes out looking
Bottom of the 7th over - 0 runs, 0 hits, 0 errors, 0 left on base; Oakland 7 - Seattle 2
TOP OF THE 8TH
Oakland Oaks batting - Pitching for Seattle Aviators : RHP Claudio Díaz
Batting: RHB Raúl Chávez 0-0: Called Strike
0-1: Foul Ball, location: 2F
0-2: Ball
1-2: Ball
2-2: Ground out 5-3 (Groundball, 56)
Batting: RHB Joseph Papasogli 0-0: Ground out 1-3 (Groundball, 13)
Batting: LHB David Holbrook 0-0: Called Strike
0-1: Ball
1-1: Ball
2-1: Ball
3-1: Base on Balls
Batting: RHB Armando Rodríguez 0-0: Called Strike
David Holbrook steals 2nd base
0-1: Fly out, F9 (Flyball, 9LD)
Top of the 8th over - 0 runs, 0 hits, 0 errors, 1 left on base; Oakland 7 - Seattle 2
BOTTOM OF THE 8TH
Seattle Aviators batting - Pitching for Oakland Oaks : RHP Panda Montana
Batting: RHB Rubén Marino 0-0: Ball
1-0: Ball
2-0: Called Strike
2-1: Ball
3-1: Base on Balls
Batting: SHB Juan Torres 0-0: Called Strike
0-1: Swinging Strike
0-2: Ball
1-2: Hit by Pitch
Rubén Marino to second
Pitching: RHP Burm Snart
Batting: LHB Pedro Corona 0-0: Fly out, F8 (Flyball, 8RM)
Batting: LHB Kenny Webster 0-0: Ball
1-0: Fly out, F7 (Flyball, 7LSF)
Batting: LHB Jorge Mojica 0-0: Swinging Strike
0-1: Ball
1-1: Ball
2-1: Ball
3-1: Foul Ball, location: 2F
3-2: Ground out 1-3 (Groundball, 13S)
Bottom of the 8th over - 0 runs, 0 hits, 0 errors, 2 left on base; Oakland 7 - Seattle 2
TOP OF THE 9TH
Oakland Oaks batting - Pitching for Seattle Aviators : RHP Claudio Díaz
Pitching: LHP Yajirobei Otomo
Batting: LHB Todd Williams 0-0: Called Strike
0-1: Foul Ball, location: 2F
0-2: Ball
1-2: Foul Ball, location: 2F
1-2: Strikes out swinging
Batting: LHB Edwin Church 0-0: Fly out, F9 (Flyball, 89M)
Batting: RHB Esteban Vázquez 0-0: Ball
1-0: DOUBLE (Groundball, 5L)
Batting: SHB Luis Luquín 0-0: Ball
1-0: Called Strike
1-1: Called Strike
1-2: Ball
2-2: Ground out 1-3 (Groundball, 13S)
Top of the 9th over - 0 runs, 1 hit, 0 errors, 1 left on base; Oakland 7 - Seattle 2
BOTTOM OF THE 9TH
Seattle Aviators batting - Pitching for Oakland Oaks : RHP Burm Snart
Batting: LHB Dong-jin Kim 0-0: Ball
1-0: Called Strike
1-1: Foul Ball, location: 2F
1-2: Ball
2-2: Fly out, F8 (Flyball, 8RS)
Batting: RHB Seon-keun Kim 0-0: Foul Ball, location: 2F
0-1: Foul Ball, location: 2F
0-2: Strikes out swinging
Batting: RHB Jay Parker 0-0: Called Strike
0-1: Ball
1-1: Ball
2-1: Ball
3-1: Base on Balls
Batting: SHB Nuygen Vuong 0-0: DOUBLE (Line Drive, 78XD)
Jay Parker to third
Batting: RHB Rubén Marino 0-0: Foul Ball, location: 2F
0-1: Swinging Strike
0-2: Ball
1-2: Strikes out swinging
Bottom of the 9th over - 0 runs, 1 hit, 0 errors, 2 left on base; Oakland 7 - Seattle 2
Sunday, March 18th, 2018 - OOTP Baseball 18.8 Build 76